 Dungeon Crawl Stone Soup version 0.30-a0-782-ge64f9170bb (console) character file.

Game seed: 5535539213514758587

6 utis the Magician (level 1, 0/10 HPs)
             Began as a Tengu Wanderer on Feb 26, 2023.
             Slain by a quokka (4 damage)
             ... on level 1 of the Dungeon.
             The game lasted 00:01:47 (202 turns).

utis the Magician (Tengu Wanderer)                   Turns: 202, Time: 00:01:48

Health: 0/10       AC:  3    Str: 10    XL:     1   Next: 90%
Magic:  5/6        EV: 11    Int: 10    God:
Gold:   0          SH:  0    Dex: 17    Spells: 7/8 levels left

rFire   . . .      SeeInvis .    a - +0 spear
rCold   . . .      Faith    .    (no shield)
rNeg    . . .      Spirit   .    h - +0 leather armour
rPois   .          Reflect  .    (helmet restricted)
rElec   .          Harm     .    (no cloak)
rCorr   .          Rampage  .    (no gloves)
Will    .....                    (boots unavailable)
Stlth   +                        (no amulet)
HPRegen 0.21/turn                (no ring)
MPRegen 0.10/turn                (no ring)

@: very slightly contaminated
A: beak, talons 3
a: no special abilities


You were on level 1 of the Dungeon.
You visited 1 branch of the dungeon, and saw 1 of its levels.

Inventory:

Hand Weapons
 a - a +0 spear (weapon)
 c - a +0 dagger
Missiles
 b - 10 poisoned darts
Armour
 e - a +0 robe
 h - a +0 leather armour (worn)
Scrolls
 f - a scroll of vulnerability {unknown}
 g - 2 scrolls of fog {unknown}
Potions
 d - a potion of curing {@q1}


   Skills:
 - Level 2.1 Polearms
 - Level 2.0 Throwing
 + Level 0.6 Dodging
 - Level 4.0 Spellcasting
 + Level 1.0 Conjurations
 + Level 1.0 Air Magic
 - Level 1.0 Evocations


You had 7 spell levels left.
You knew the following spells:

 Your Spells              Type           Power      Damage    Failure   Level
z - Shock                 Conj/Air       16%        1d4       22%         1

Your spell library contained the following spells:

 Spells                   Type           Power      Damage    Failure   Level
 Freeze                   Ice            8%         1d3       34%         1
 Frozen Ramparts          Ice            4%         1d1       71%         3
 Vampiric Draining        Necr           2%         2d6       71%         3


Dungeon Overview and Level Annotations

Branches:
Dungeon (1/15)

Altars:


Innate Abilities, Weirdness & Mutations

You have a beak for a mouth.
You have claws for feet.


Message History

No target in view!
You see here a ball python corpse.
You start resting.
Magic restored.
Unknown command.
Okay, then.
You see here a +0 leather armour.
h - a +0 leather armour You start removing your armour.
You continue taking off your +0 robe. x4
You finish taking off your +0 robe.
You start putting on your armour.
You continue putting on your +0 leather armour. x5
You finish putting on your +0 leather armour.
A quokka comes into view.
A quokka is nearby!
Aiming: Shock (safe; 22% risk of failure)
Press: ? - help, Q - select action, (/) - cycle Shift-Dir - straight line, f - quokka
Aim: a quokka (asleep, 100% to hit)
You miscast Shock.
You are very lightly contaminated with residual magic.
Nothing appears to happen.
Aiming: Shock (safe; 22% risk of failure)
Press: ? - help, Q - select action, (/) - cycle Shift-Dir - straight line, f/p - quokka
Aim: a quokka (51% to hit)
You miscast Shock.
Nothing appears to happen.
You reach to attack!
You hit the quokka.
The quokka is almost dead.
The quokka misses you.
You closely miss the quokka. Your kick misses the quokka.
The quokka is almost dead.
The quokka bites you.
You barely miss the quokka.
The quokka is severely wounded.
The quokka bites you but does no damage.
You closely miss the quokka. Your kick misses the quokka.
Your peck misses the quokka.
The quokka is severely wounded.
The quokka bites you.
* * * LOW HITPOINT WARNING * * *
The quokka attacks as you move away! The quokka bites you.
You die...

░░.░░░░░ ░░░░░░░ ░░░
.......░ ░░..€..░░....
>......░ ░░......➘.....
.......░ ░.............
.......░ ░.............
.......░ ░.............
.......░ ░.............
░░░░░░░░ ░.............
░░░░░ ░░░Qr...........
....░ ░░...............
....░ ░..░░░.....░░....
....░░░░░░░░░.░░
░░░░.░░ ░░░
.......†..░░..░░░░.. .░
....░░░░░............░░
....░ ░░░.░░.........
....░░░...░░.........
........░░░░.........


You could see a quokka.

Vanquished Creatures
  2 ball pythons (D:1)
  2 jackals (D:1)
  A quokka (D:1)
5 creatures vanquished.

Notes
Turn   | Place    | Note
-------+----------+-------------------------------------------
     0 | D:1      | utis the Tengu Wanderer began the quest for the Orb.
     0 | D:1      | utis set off with the following items: a +0 spear, 11
                  | poisoned darts, a +0 dagger, a potion of curing {@q1}, a +0
                  | robe; and the following spells available to memorise:
                  | Freeze, Shock, Frozen Ramparts, Vampiric Draining.
     0 | D:1      | Reached XP level 1. HP: 10/10 MP: 6/6
     2 | D:1      | Learned a level 1 spell: Shock
   146 | D:1      | Reached skill level 1 in Conjurations
   146 | D:1      | Reached skill level 1 in Air Magic
   202 | D:1      | Slain by a quokka

Illustrated notes

Levels and vault maps discovered:
D:1:      roderic_crossed_star, layout_rooms, hellmonk_ecumenical_altar_lost_god

Skill      XL: |  1 |
---------------+----+-----
Conjurations   | 1 |  1.0
Air Magic      | 1 |  1.0
Polearms       | |  2.1
Throwing       | |  2.0
Dodging        | |  0.6
Spellcasting   | |  4.0
Evocations     | |  1.0

Action                     || total
---------------------------++-------
  Melee: Spear             ||    18
         Kick              ||     5
         Peck              ||     1
  Throw: Dart              ||     1
   Cast: Shock             ||     3
 Armour: Robe              ||     4
         Leather armour    ||     1
  Dodge: Dodged            ||     7

Table legend: (Time is in decaauts)
 A = Elapsed time spent in this place.
 B = Non-inter-level travel time spent in this place.
 C = Inter-level travel time spent in this place.
 D = Time resting spent in this place.
 E = Time spent auto-exploring this place.
 F = Levels seen in this place.
 G = Mean time per level.
                   A        B        C        D        E       F      G
               +--------+--------+--------+--------+--------+-----+--------+
         Total |    201 |    201 |      0 |     28 |     87 |   1 |  201.0 |
       Dungeon |    201 |    201 |      0 |     28 |     87 |   1 |  201.0 |
               +--------+--------+--------+--------+--------+-----+--------+

Top non-repeatable levels by time:
     D:1: 201 daAuts
